 Dungeon Crawl Stone Soup version bcrawl-1.35.4b (webtiles) character file.

Game seed: 300987767474736372

106006 Dulis131 the Skirmisher (level 3, -18/30 HPs)
             Began as a Demonspawn Abyssal Knight on Jan 30, 2022.
             Was a Follower of Lugonu.
             Demolished by an ogre
             ... wielding a +0 giant club
              (23 damage)
             ... on level 2 of the Dungeon.
             The game lasted 00:03:48 (1831 turns).

Dulis131 the Skirmisher (Demonspawn Abyssal Knight) Turns: 1831, Time: 00:03:49

Health: -18/30     AC:  5    Str: 14    XL:     3   Next: 69%
Magic:  5/5        EV: 10    Int: 11    God:    Lugonu [*.....]
Gold:   74         SH:  0    Dex: 13    Spells: 2/2 levels left

rFire    . . .     SeeInvis .   a - +0 long sword
rCold    . . .     Gourm    .   (no shield)
rNeg     . . .     Faith    .   b - +0 ring mail
rPois    .         Spirit   .   (no helmet)
rElec    .         Reflect  .   (no cloak)
rCorr    .                      (no gloves)
MR       .....                  (no boots)
Stlth    +.........             (no amulet)
HPRegen  0.10/turn              (no ring)
MPRegen  0.09/turn              (no ring)

@: no status effects
A: talons 1
a: Depart the Abyss, Bend Space, Renounce Religion


You were on level 2 of the Dungeon.
You worshipped Lugonu.
Lugonu was aware of your devotion.
You were hungry.

You visited 1 branch of the dungeon, and saw 2 of its levels.
You visited the Abyss 1 time.

You collected 74 gold pieces.

Inventory:

Hand Weapons
 a - a +0 long sword (weapon)
Missiles
 d - 477 stones (quivered)
Armour
 b - a +0 ring mail (worn)
Jewellery
 m - a cursed amulet of guardian spirit {unknown}
Scrolls
 f - a scroll of blinking {unknown}
 g - 2 scrolls of magic mapping {unknown}
 h - 2 scrolls of remove curse {unknown}
 i - a scroll of identify
 l - 2 scrolls of amnesia {unknown}
Potions
 j - a potion of curing {unknown}
 k - a potion of cancellation {unknown}
Comestibles
 e - 7 rations {!d}
 n - 2 chunks of flesh


   Skills:
 + Level 3.9 Fighting
 + Level 2.3 Long Blades
 + Level 0.8 Throwing
 + Level 2.0 Armour
 + Level 1.4 Dodging
 + Level 2.9 Invocations


You had 2 spell levels left.
You didn't know any spells.
Your spell library was empty.

Dungeon Overview and Level Annotations

Branches:
Dungeon (2/12)

Altars:
Cheibriados


Innate Abilities, Weirdness & Mutations

You have sharp toenails.


Message History

The stone hits the ogre but does no damage.
The ogre is almost dead.
The ogre hits you with a +0 giant club!!
Ouch! That really hurt!
* * * LOW HITPOINT WARNING * * *
Throwing (i - inventory)
d - 479 stones (quivered)
Press: ? - help, Shift-Dir - straight line, f/p - ogre
Aim: an ogre, wielding a +0 giant club (severely wounded)
You throw a stone. The stone hits the ogre.
The ogre is almost dead.
The ogre hits you with a +0 giant club.
* * * LOW HITPOINT WARNING * * *
Throwing (i - inventory)
d - 478 stones (quivered)
Press: ? - help, Shift-Dir - straight line, f/p - ogre
Aim: an ogre, wielding a +0 giant club (almost dead)
You throw a stone. The stone hits the ogre.
The ogre is almost dead.
The ogre hits you with a +0 giant club!!
Ouch! That really hurt!
You die...

.#................#
##.....))#...######
#.......#...#
##.#........#
###.#.###....######
...................
#######......######
###########
#.............#
#.....[...#
#.#......####@#
#.........##
#.#..##..# #O#
#........... #
#.#......# #.#
#.%.......# #
#.#).###.# #.#
#.........# #
#.#..###.#
#.#####.........# ##
#.#...<#.#
#..............## .#
#.##.###.#
###########....#
.###........# ....#
).#####.....##########
....#


You could see an ogre.

Vanquished Creatures
  An adder (D:2)
  A worm (D:2)
  2 leopard geckos
  2 giant cockroaches (D:1)
  4 goblins
  4 hobgoblins (D:1)
  3 jackals
  8 kobolds
  A quokka (D:2)
  6 bats
  6 frilled lizards
  3 rats
41 creatures vanquished.

Vanquished Creatures (others)
  2 starspawn tentacles (Abyss:1)
2 creatures vanquished.

Grand Total: 43 creatures vanquished

Notes
Turn   | Place    | Note
-------+----------+-------------------------------------------
     0 | Abyss:1  | Dulis131 the Demonspawn Abyssal Knight began the quest for
                  | the Orb.
     0 | Abyss:1  | Reached XP level 1. HP: 18/18 MP: 2/2
   121 | Abyss:1  | Noticed a tentacled starspawn
   126 | D:1      | Escaped the Abyss
   338 | D:1      | Reached * piety under Lugonu
   339 | D:1      | Gained mutation: You have sharp toenails. [demonic
                  | ancestry]
   339 | D:1      | Reached XP level 2. HP: 24/24 MP: 4/4
   343 | D:1      | Reached skill level 1 in Dodging
   986 | D:2      | Reached XP level 3. HP: 25/29 MP: 5/5
  1626 | D:2      | Found a snail-covered altar of Cheibriados.
  1776 | D:2      | Noticed an ogre
  1831 | D:2      | Demolished by an ogre

Skill      XL: |  1  2  3 |
---------------+----------+-----
Dodging        | 1 |  1.4
Long Blades    | 2 |  2.3
Armour         | 2 |  2.0
Fighting       | |  3.9
Throwing       | |  0.8
Invocations    | |  2.9

Action                   || total
-------------------------++-------
Melee: Long sword        ||   125
       Kick              ||    14
Throw: Tomahawk          ||    10
       Stone             ||     6
Invok: Depart the Abyss  ||     1
  Eat: Chunk             ||     6
Armor: Ring mail         ||    70
Dodge: Dodged            ||    86
